AoeStats
← J_DeM

Arena

504885887Analyzed
2v2 RM · 26d ago on Sep 6, 2026· 58m 58s· 4 players
Game mode
Random Map
Map size
Medium (4 player)
Population
200
Speed
Normal
Resources
Standard
Victory
Conquest
Starting age
Dark Age
Ending age
Imperial Age
RankedLock teamsTeams togetherTeam positionsShared explorationLock speedFull tech treeHidden civsTurbo modeCheats
Victory
Defeat
🇨🇱 Bohemians · Chile
1205
+17
🇨🇱 Franks · Chile
1146
+19
🇬🇧 Lithuanians · United Kingdom
1216
-18
🇬🇧 Cumans · United Kingdom
1210
-18
Yeyi Vicuña
5:16 Loom
12:29 Feudal Age
13:49 Double-Bit Axe
16:48 Castle Age
19:28 Wheelbarrow
22:06 Forging
29:58 Bow Saw
30:47 Scale Barding Armor
35:11 Iron Casting
35:31 Fortified Wall
39:48 Hand Cart
41:41 Gold Mining
57:36 Imperial Age
57:42 Cavalier
El Subcomandante
10:18 Feudal Age
14:01 Castle Age
12:05 Double-Bit Axe
16:32 Chemistry
16:49 Horse Collar
18:58 Fervor
23:22 Squires
25:17 Loom
27:32 Wheelbarrow
27:49 Heavy Plow
28:01 Bow Saw
27:13 Pikeman
31:06 Scale Mail Armor
31:17 Forging
34:26 Imperial Age
32:35 Chain Mail Armor
33:32 Iron Casting
34:30 Halberdier
36:17 Two-Man Saw
37:37 Padded Archer Armor
38:09 Plate Mail Armor
41:10 Elite Skirmisher
42:06 Hand Cart
43:51 Blast Furnace
43:06 Leather Archer Armor
45:00 Siege Engineers
45:04 Wagenburg Tactics
44:46 Houfnice
46:53 Ring Archer Armor
46:46 Conscription
49:29 Town Watch
52:16 Elite Hussite Wagon
J_DeM
10:35 Feudal Age
14:54 Castle Age
12:53 Double-Bit Axe
13:31 Horse Collar
15:46 Bow Saw
21:06 Scale Barding Armor
24:14 Forging
24:26 Chain Barding Armor
24:21 Gold Mining
26:22 Bloodlines
26:16 Light Cavalry
27:29 Husbandry
29:28 Loom
33:35 Wheelbarrow
35:26 Iron Casting
35:41 Hand Cart
40:29 Imperial Age
39:50 Murder Holes
39:49 Fletching
40:30 Elite Leitis
42:14 Conscription
41:33 Elite Skirmisher
52:27 Bodkin Arrow
57:10 Plate Barding Armor
58:47 Ballistics
LGee
7:23 Loom
10:21 Feudal Age
15:43 Scale Mail Armor
15:54 Forging
18:39 Man-at-Arms
25:52 Castle Age
27:03 Long Swordsman
29:48 Iron Casting
30:07 Chain Mail Armor
36:11 Imperial Age
34:25 Squires
34:55 Gold Mining
37:06 Two-Handed Swordsman
38:51 Double-Bit Axe
42:22 Blast Furnace
41:58 Arson
42:47 Capped Ram
47:49 Elite Skirmisher
48:37 Thumb Ring
48:36 Fletching
49:21 Bodkin Arrow
50:00 Bow Saw
53:50 Champion
56:49 Padded Archer Armor
57:19 Plate Mail Armor
Connection lost

Rejoining the realm…

Still unreachable

The connection could not be restored.

Session expired

The server has moved on; the page needs a fresh start.